 Dungeon Crawl Stone Soup version 0.29-a0-1027-gcd8c55af63 (webtiles) character file.

Game seed: 14187742757756987768

3821 quixfox the Destroyer (level 9, -12/66 (68) HPs)
             Began as a Demonspawn Conjurer on Aug 13, 2022.
             Was a Priest of Vehumet.
             Mangled by a death yak (24 damage)
             ... on level 8 of the Dungeon.
             The game lasted 00:46:21 (10260 turns).

quixfox the Destroyer (Demonspawn Conjurer)        Turns: 10260, Time: 00:46:22

HP:   -12/66 (68)   AC:  5    Str: 15    XL:     9   Next: 97%
MP:   14/19         EV: 13    Int: 23    God:    Vehumet [***...]
Gold: 407           SH:  0    Dex: 11    Spells: 13/22 levels left

rFire   . . .      SeeInvis .   A - +1 dagger (pain)
rCold   . . .      Faith    .   (no shield)
rNeg    . . .      Spirit   .   a - +0 robe
rPois   .          Reflect  .   (helmet restricted)
rElec   .          Harm     .   q - +1 cloak
rCorr   .          Rampage  .   k - +0 pair of gloves
Will    .....                   (no boots)
Stlth   ++........              (no amulet)
HPRegen 0.21/turn               y - +6 ring of strength
MPRegen 0.16/turn               (no ring)

@: about to teleport, on blink cooldown, lightly drained
A: antennae 2, claws 2, spiny 1, demonic magic 2
a: Renounce Religion


You were on level 8 of the Dungeon.
You worshipped Vehumet.
Vehumet was most pleased with you.
You visited 2 branches of the dungeon, and saw 9 of its levels.

You collected 407 gold pieces.

Inventory:

Hand Weapons
 i - a +2 dagger
 A - a +1 dagger of pain (weapon)
Missiles
 r - a throwing net
Armour
 a - a +0 robe (worn)
 k - a +0 pair of gloves (worn)
 q - a +1 cloak (worn)
 u - a scarf of repulsion
Magical Staves
 w - a staff of air
Jewellery
 y - a +6 ring of strength (left hand)
Wands
 o - a wand of flame (19)
 t - a wand of digging (5)
Scrolls
 g - 3 scrolls of fear
 h - 3 scrolls of amnesia
 j - 5 scrolls of teleportation
 p - 3 scrolls of magic mapping
 s - 2 scrolls of blinking
Potions
 b - a potion of magic
 c - 3 potions of ambrosia
 d - 8 potions of lignification
 e - 2 potions of might
 f - a potion of invisibility
 l - a potion of curing
 m - a potion of attraction {unknown}
 n - a potion of flight {unknown}
 v - 3 potions of haste
 x - 2 potions of brilliance {unknown}
 z - 2 potions of mutation


   Skills:
 + Level 5.1 Fighting
 - Level 3.0 Short Blades
 - Level 5.7 Dodging
 - Level 1.7 Stealth
 + Level 7.0 Spellcasting
 + Level 8.4 Conjurations
 + Level 3.1 Translocations
 + Level 1.7 Fire Magic


You had 13 spell levels left.
You knew the following spells:

 Your Spells              Type           Power      Damage    Failure   Level
a - Magic Dart            Conj           100%       1d8       1%          1
b - Iskenderun's Mystic   Conj/Tloc      34%        2d8       1%          4
c - Blink                 Tloc           44%        N/A       3%          2
d - Scorch                Fire           32%        2d6       1%          2

Your spell library contained the following spells:

 Spells                   Type           Power      Damage    Failure   Level
 Searing Ray              Conj           94%        2d7       1%          2
 Dazzling Flash           Conj/Hex       54%        N/A       1%          3
 Fulminant Prism          Conj/Hex       13%        3d9       3%          4
 Lesser Beckoning         Tloc           22%        N/A       6%          3
 Ensorcelled Hibernation  Hex/Ice        16%        N/A       12%         2
 Passwall                 Tmut/Erth      6%         N/A       12%         2
 Portal Projectile        Hex/Tloc       30%        N/A       12%         3
 Swiftness                Air            8%         N/A       22%         3
 Tukima's Dance           Hex            8%         N/A       22%         3
 Manifold Assault         Tloc           22%        N/A       52%         5
 Anguish                  Hex/Necr       4%         N/A       58%         4
 Blade Hands              Tmut           4%         N/A       91%         5
 Enfeeble                 Hex            4%         N/A       100%        7


Dungeon Overview and Level Annotations

Branches:
Dungeon (8/15)             Temple (1/1) D:4            Lair (0/5) D:8

Altars:
Ashenzari
Cheibriados
Dithmenos
Fedhas
Gozag
Kikubaaqudgha
Makhleb
Nemelex Xobeh
Okawaru
Ru
Sif Muna
Trog
Vehumet
Wu Jian
Xom
Yredelemnul

Shops:
D:8 :

Annotations:
D:3 2 runed translucent doors, Crazy Yiuf; quinnr's ghost, amateur TeAE
D:8 Pikel


Innate Abilities, Weirdness & Mutations

You have a pair of antennae on your head.
You have very sharp fingernails.
You are partially covered in sharp spines.
Spells you cast may paralyse nearby enemies.


Message History

You feel sick.
You feel better.
Aiming: Magic Dart (safe; 1% risk of failure)
Press: ? - help, Q - select action, (/) - cycle Shift-Dir - straight line, f - death yak
Aim: a death yak (100% to hit)
The magic dart hits the death yak but does no damage.
Malevolent energies surge around you. The death yak gores you!
Aiming: Magic Dart (safe; 1% risk of failure)
Press: ? - help, Q - select action, (/) - cycle Shift-Dir - straight line, f/p - death yak
Aim: a death yak (100% to hit)
The magic dart hits the death yak but does no damage.
Malevolent energies surge around you. The death yak gores you.
Aiming: Magic Dart (safe; 1% risk of failure)
Press: ? - help, Q - select action, (/) - cycle Shift-Dir - straight line, f/p - death yak
Aim: a death yak (100% to hit)
The magic dart hits the death yak.
The death yak is lightly wounded.
Malevolent energies surge around you.
The quokka suddenly stops moving!
The death yak completely misses you.
Aiming: Magic Dart (safe; 1% risk of failure)
Press: ? - help, Q - select action, (/) - cycle Shift-Dir - straight line, f/p - death yak
Aim: a death yak (100% to hit)
The magic dart hits the death yak.
The death yak is lightly wounded.
Malevolent energies surge around you.
The quokka suddenly stops moving!
The death yak gores you!!
* * * LOW HITPOINT WARNING * * *
Blink to where?
Press: ? - help, Dir - move target, p - death yak
Okay, then.
Casting: Magic Dart (safe; 1% risk of failure)
Confirm with . or Enter, or press ? or * to list all spells.
You blink.
Malevolent energies surge around you.
The quokka is no longer paralysed.
As you read the scroll of teleportation, it crumbles to dust.
You feel strangely unstable.
The quokka is no longer paralysed.
The death yak gores you!!
You die...

#.#........# #
#..>#.#
#.#.......#
#...#.# #
#.........#
##.##.# #
###.#..r#.#
..# #
#.{{{.#.###
###
$######{###...
###
......Y.###.#
#..
#######KrrY.#
#.# #####@#
#.# #.# #..
#.# #.# #.#
#..


You could see 2 death yaks, 2 quokkas and a kobold.

Vanquished Creatures
  A vampire (D:5)
  A wyvern (D:7)
  2 water moccasins
  Duvessa (D:6)
  2 black bears
  2 sky beasts (D:7)
  2 ice beasts
  6 ogres
  2 centaurs
  2 necrophages
  4 scorpions
  2 bullfrogs (D:7)
  7 wights
  Dowan (D:6)
  7 orc priests
  A jelly (D:5)
  4 hounds
  A gnoll bouda (D:7)
  3 iguanas
  Natasha (D:4)
  5 orc wizards
  A hound skeleton (D:6)
  17 gnolls
  10 adders
  2 shadow imps (D:6)
  2 white imps (D:6)
  2 ufetubi
  3 dart slugs (D:1)
  30 orcs
  13 endoplasms
  2 giant cockroaches
  6 goblins
  10 hobgoblins
  14 jackals
  9 quokkas
  9 ball pythons
  2 bats (D:1)
  2 frilled lizards
  8 kobolds
  12 rats
211 creatures vanquished.

Vanquished Creatures (others)
  14 fungi (D:5)
14 creatures vanquished.

Grand Total: 225 creatures vanquished

Notes
Turn   | Place    | Note
-------+----------+-------------------------------------------
     0 | D:1      | quixfox the Demonspawn Conjurer began the quest for the
                  | Orb.
     0 | D:1      | Reached XP level 1. HP: 13/13 MP: 3/3
   507 | D:1      | Discovered your monstrous ancestry.
   507 | D:1      | Gained mutation: You have a pair of small antennae on your
                  | head. [demonic ancestry]
   507 | D:1      | Reached XP level 2. HP: 19/19 MP: 1/5
   756 | D:1      | Found a faded altar of an unknown god.
   898 | D:1      | Reached XP level 3. HP: 24/24 MP: 2/7
  1821 | D:2      | Gained mutation: Spells you cast may paralyse adjacent
                  | enemies. [demonic ancestry]
  1821 | D:2      | Reached XP level 4. HP: 28/30 MP: 0/8
  2261 | D:2      | Reached skill level 5 in Conjurations
  2435 | D:2      | Learned a level 4 spell: Iskenderun's Mystic Blast
  3031 | D:3      | Reached skill level 1 in Translocations
  3057 | D:3      | Noticed a scorpion
  3073 | D:3      | Found an iron altar of Okawaru.
  3082 | D:3      | Gained mutation: Spells you cast may paralyse nearby
                  | enemies. [demonic ancestry]
  3082 | D:3      | Reached XP level 5. HP: 35/35 MP: 7/10
  3383 | D:3      | Found a runed translucent door.
  3384 | D:3      | Noticed Crazy Yiuf
  3500 | D:3      | Found a blossoming altar of Fedhas.
  3897 | D:3      | Found a runed translucent door.
  3979 | D:3      | Noticed quinnr's ghost (amateur TeAE)
  4127 | D:4      | Found a staircase to the Ecumenical Temple.
  4170 | D:4      | Gained mutation: You have a pair of antennae on your head.
                  | [demonic ancestry]
  4170 | D:4      | Reached XP level 6. HP: 27/41 MP: 1/12
  4292 | D:4      | Reached skill level 1 in Short Blades
  4299 | Temple   | Entered the Ecumenical Temple
  4312 | Temple   | Became a worshipper of Vehumet
  4495 | D:4      | Found an ornate altar of the Wu Jian Council.
  4607 | D:4      | Found a shimmering blue altar of Sif Muna.
  4630 | D:4      | Noticed Natasha
  4634 | D:4      | Killed Natasha
  4915 | D:5      | Entered Level 5 of the Dungeon
  5018 | D:5      | Gained mutation: You have sharp fingernails. [demonic
                  | ancestry]
  5018 | D:5      | Reached XP level 7. HP: 33/46 MP: 4/13
  5315 | D:5      | Reached skill level 6 in Conjurations
  5432 | D:5      | Noticed a vampire
  5596 | D:5      | Reached * piety under Vehumet
  5596 | D:5      | Offered knowledge of Freeze by Vehumet.
  5692 | D:5      | Killed a vampire
  5693 | D:5      | Reached skill level 5 in Spellcasting
  5693 | D:5      | Gained mutation: You have very sharp fingernails. [demonic
                  | ancestry]
  5693 | D:5      | Reached XP level 8. HP: 8/52 MP: 15/15
  6137 | D:5      | Reached skill level 1 in Fighting
  6703 | D:5      | Reached skill level 7 in Conjurations
  6856 | D:5      | Learned a level 2 spell: Blink
  6985 | D:6      | Noticed Duvessa
  6985 | D:6      | Noticed Dowan
  7406 | D:6      | Reached ** piety under Vehumet
  7406 | D:6      | Offered knowledge of Static Discharge by Vehumet.
  7477 | D:6      | Gained mutation: You are partially covered in sharp spines.
                  | [demonic ancestry]
  7477 | D:6      | Reached XP level 9. HP: 43/63 MP: 12/18
  7672 | D:6      | Found a broken altar of Ashenzari.
  7685 | D:6      | Found an opulent altar of Gozag.
  7810 | D:6      | Found a burning altar of Makhleb.
  7912 | D:6      | Killed Duvessa
  7917 | D:6      | Killed Dowan
  8413 | D:6      | Reached skill level 5 in Dodging
  8828 | D:7      | Reached skill level 8 in Conjurations
  9060 | D:7      | Offered knowledge of Scorch by Vehumet.
  9064 | D:7      | Learned a level 2 spell: Scorch
  9489 | D:7      | Found a snail-covered altar of Cheibriados.
  9748 | D:7      | Reached skill level 1 in Fire Magic
  9961 | D:8      | Reached *** piety under Vehumet
  9962 | D:8      | Reached skill level 5 in Fighting
 10237 | D:8      | Noticed Pikel
 10238 | D:8      | Found Riclah's Vocational Training.
 10245 | D:8      | Noticed a death yak
 10246 | D:8      | Found a staircase to the Lair.
 10247 | D:8      | Noticed a death yak
 10260 | D:8      | Mangled by a death yak

Illustrated notes

Levels and vault maps discovered:
D:1:      dpeg_arrival_castle, layout_loops_ring,
          nicolae_ecumenical_snake_handling, minmay_tripent
D:2:      layout_basic
D:3:      layout_basic, okawaru_trees_1, fedhas_altar_4, gammafunk_ghost_grave,
          minmay_fractal_squares_diagonal_5, uniq_crazy_yiuf_cottage
D:4:      layout_basic, kennysheep_mini, mainiacjoe_overflow_cross_hatched,
          minmay_temple_entry_sparse_star, uniq_natasha
D:5:      minmay_opposing_rooms, layout_basic,
          mainiacjoe_overflow_surrounded_room, dreamdust_gnoll_farm
D:6:      layout_rooms, mainiacjoe_overflow_swirl, makhleb_blood_cavern_becter,
          uniq_duvessa
D:7:      layout_rooms, lemuel_coloured_pillars_altar, minmay_circle_x
D:8:      black_bear_nest_1, layout_loops_cross, lemuel_tele_altar,
          dpeg_lair_monsters, nicolae_shop_vocational, uniq_pikel, uniq_erica,
          uniq_prince_ribbit1
Temple:   hellmonk_temple_rainy

Skill      XL: |  1  2  3  4  5  6  7  8  9 |
---------------+----------------------------+-----
Spellcasting   | 3 4 5 6 7 |  7.0
Conjurations   | 5 6 7 8 |  8.4
Translocations | 1 2 3 |  3.1
Short Blades   | 1 3 |  3.0
Dodging        | 2 3 4 5 |  5.7
Fighting       | 3 5 |  5.1
Fire Magic     | 1 |  1.7
Stealth        | |  1.7

Action                   |  1- 3 |  4- 6 |  7- 9 || total
-------------------------+-------+-------+-------++-------
Melee: Dagger            |     1 |    36 |    88 ||   125
 Cast: Magic Dart        |    92 |   121 |   348 ||   561
       Blink             |       |       |     1 ||     1
  Use: Scroll            |       |    11 |     9 ||    20
       Potion            |       |       |     3 ||     3
 Stab: Paralysed         |       |    30 |    72 ||   102
Armor: Robe              |     3 |     5 |    17 ||    25
Dodge: Dodged            |     6 |    21 |    46 ||    73

Table legend: (Time is in decaauts)
 A = Elapsed time spent in this place.
 B = Non-inter-level travel time spent in this place.
 C = Inter-level travel time spent in this place.
 D = Time resting spent in this place.
 E = Time spent auto-exploring this place.
 F = Levels seen in this place.
 G = Mean time per level.
                   A        B        C        D        E       F      G
               +--------+--------+--------+--------+--------+-----+--------+
         Total |  10248 |  10057 |    191 |   3501 |   4175 |   9 | 1138.7 |
       Dungeon |  10173 |   9982 |    191 |   3450 |   4175 |   8 | 1271.6 |
        Temple |     74 |     74 |      0 |     51 |      0 |   1 |   74.0 |
               +--------+--------+--------+--------+--------+-----+--------+

Top non-repeatable levels by time:
     D:5: 2213 daAuts
     D:1: 1699 daAuts
     D:7: 1395 daAuts
     D:6: 1374 daAuts
     D:3: 1273 daAuts
     D:2: 1139 daAuts
     D:4: 730 daAuts
     D:8: 346 daAuts
  Temple: 74 daAuts
